 Dungeon Crawl Stone Soup version 0.22.0-1-g6561e4c (webtiles) character file.

137 Lew the Skirmisher (level 5, -3/59 HPs)
             Began as an Ogre Fighter on Aug 12, 2018.
             Slain by an ogre
             ... wielding a +0 giant club
              (25 damage)
             ... on level 3 of the Dungeon on Aug 13, 2018.
             The game lasted 00:09:12 (3143 turns).

Lew the Skirmisher (Ogre Fighter)                   Turns: 3143, Time: 00:09:13

Health: -3/59      AC:  3    Str: 21    XL:     5   Next: 20%
Magic:  5/5        EV:  9    Int: 11    God:
Gold:   168        SH:  8    Dex: 10    Spells: 4/4 levels left

rFire    . . .     SeeInvis .   a - +0 trident
rCold    . . .     Gourm    +   c - +0 shield
rNeg     . . .     Faith    .   b - +0 robe
rPois    .         Spirit   .   (helmet restricted)
rElec    .         Reflect  .   m - scarf {cloud immunity}
rCorr    .         Harm     .   (gloves unavailable)
MR       .....                  (boots unavailable)
Stlth    +.........             k - amulet of the gourmand
HPRegen  0.19/turn              e - +2 ring of dexterity
MPRegen  0.09/turn              o - +2 ring of intelligence

@: no status effects
A: large, unfitting armour, tough skin 1
a: no special abilities


You were on level 3 of the Dungeon.
You were not hungry.

You visited 1 branch of the dungeon, and saw 3 of its levels.

You collected 168 gold pieces.

Inventory:

Hand Weapons
 a - a +0 trident (weapon)
Armour
 b - a +0 robe (worn)
 c - a +0 shield (worn)
 m - a scarf of cloud immunity (worn)
Jewellery
 e - a +2 ring of dexterity (left hand)
 k - an amulet of the gourmand (around neck)
 o - a +2 ring of intelligence (right hand)
 p - an uncursed ring of ice
Wands
 q - a wand of polymorph (10)
Scrolls
 g - a scroll of immolation
 h - a scroll of teleportation
 j - 4 scrolls of remove curse
 n - 2 scrolls of identify {unknown}
Potions
 d - a potion of might
 i - a potion of mutation {unknown}
 l - a potion of haste {unknown}
Comestibles
 f - 3 rations


   Skills:
 * Level 5.6 Fighting
 + Level 2.9 Polearms
 + Level 3.3 Dodging
 + Level 3.3 Shields


You had 4 spell levels left.
You didn't know any spells.
Your spell library was empty.

Dungeon Overview and Level Annotations

Branches:
Dungeon (3/15)

Altars:
Cheibriados
Nemelex Xobeh


Innate Abilities, Weirdness & Mutations

You are too large for most types of armour.
You have tough skin. (AC +1)


Message History

You feel agile.
You feel clever.
You are too injured to fight recklessly!
You are too injured to fight recklessly!
You are too injured to fight recklessly!
You are too injured to fight recklessly!
Attack whom?
Press: ? - help, Dir - move target cursor, f - ogre
Aim: an ogre, wielding a giant club (moderately wounded)
You reach to attack!
You hit the ogre.
The ogre is heavily wounded.
You hit the ogre.
The ogre is severely wounded.
You block the ogre's attack.
You closely miss the ogre.
The ogre is severely wounded.
The ogre hits you with a giant club!
You barely miss the ogre.
The ogre is severely wounded.
The ogre hits you with a giant club!!
You die...

...#.#...# #.......[...#..#.##...
...#...#.#.#.###.#####.##.#.##...
...r.#.#.#...# #.##.......#.##...
.....#.#.##..# #.....#.##.#.##...
#....#.#..#..# #.##..#.####.##...
#............# #.##..#....#.##...
#.###.###.#.####.#####.##.#......
#.# #.# #.......O....#...........
#.###+###.#..###@###.#.#..##†....
#.).'_###..#.###.# #.#.......##
#[###)###..#..##.# #...###### #)#
#.# #..##.##.# #..#......
#.###.###..##.##.# #.........
#..........##..#.# #.##.#####
#.####.#'#####.#.# #. #.# #.#
#.#.........# .. #.# #.#
#.#.........# .######.####


You could see an ogre.

Vanquished Creatures
  6 adders
  An ooze (D:1)
  An adder skeleton (D:2)
  A worm (D:2)
  A dart slug (D:3)
  2 leopard geckos (D:3)
  5 orcs (D:3)
  7 bats
  A giant cockroach (D:1)
  10 goblins
  9 hobgoblins
  A quokka (D:3)
  5 frilled lizards
  7 kobolds
  8 rats
65 creatures vanquished.

Notes
Turn   | Place    | Note
-------+----------+-------------------------------------------
     0 | D:1      | Lew the Ogre Fighter began the quest for the Orb.
     0 | D:1      | Reached XP level 1. HP: 24/24 MP: 1/1
    89 | D:1      | Reached XP level 2. HP: 32/32 MP: 2/2
   727 | D:1      | Reached XP level 3. HP: 40/40 MP: 3/3
  1215 | D:2      | Reached skill level 5 in Fighting
  1498 | D:2      | Reached XP level 4. HP: 13/50 MP: 4/4
  1773 | D:2      | Found a sparkling altar of Nemelex Xobeh.
  2486 | D:3      | Found a snail-covered altar of Cheibriados.
  2491 | D:3      | Reached XP level 5. HP: 57/57 MP: 5/5
  3110 | D:3      | Noticed an ogre
  3143 | D:3      | Slain by an ogre

Skill      XL: |  1  2  3 |
---------------+----------+-----
Dodging        | 3 |  3.3
Shields        | 3 |  3.3
Fighting       | 5 |  5.6
Polearms       | |  2.9

Action                   |  1- 3 |  4- 6 || total
-------------------------+-------+-------++-------
Melee: Trident           |   111 |   104 ||   215
       Unarmed           |       |    19 ||    19
Evoke: Wand              |       |     4 ||     4
  Use: Scroll            |     5 |     1 ||     6
       Potion            |     1 |     2 ||     3
 Stab: Distracted        |     1 |     1 ||     2
       Sleeping          |     1 |     1 ||     2
  Eat: Chunk             |     6 |       ||     6
       Ration            |       |     1 ||     1
Armor: Robe              |     9 |    20 ||    29
       Skin              |       |     2 ||     2
Dodge: Dodged            |    22 |    25 ||    47
Block: Shield            |    41 |    29 ||    70
